[Event "Fagernes Chess Open 2025"]
[Site "Fagernes"]
[Date "2025.04.16"]
[Round "5.1"]
[White "Hansen, Thobias Gotaas"]
[Black "Stai, Sondre"]
[Result "0-1"]
[Annotator "NA RC"]
[ECO "C47"]
[WhiteElo "1805"]
[BlackElo "1786"]
[PlyCount "72"]
[EventDate "2025.04.12"]
[EventCountry "NOR"]
[SourceTitle "playchess.com"]
[Source "ChessBase"]
[SourceQuality "1"]
[TimeControl "40/6000+30:2400+30"]

1. e4 e5 2. Nf3 Nf6 3. Nc3 Nc6 4. h3 Be7 5. d4 d6 6. Be3 O-O 7. g4 exd4 8. Nxd4 Nxd4 9. Qxd4 Re8 10. Bg2 c5 11. Qd2 Nd7 12. O-O Ne5 13. b3 Bd7 14. f4 Ng6 15. Rad1 Bc6 16. Nd5 Bf8 17. g5 a5 18. Qf2 a4 19. Bxc5 dxc5 20. Nf6+ gxf6 21. Rxd8 Raxd8 22. f5 Ne5 23. gxf6 axb3 24. axb3 c4 25. bxc4 Nxc4 26. Qg3+ Kh8 27. Rf4 Bc5+ 28. Kf1 Ne3+ 29. Ke2 Rg8 30. Rg4 Nxg4 31. hxg4 Rge8 32. Qf4 Rd4 33. Qc7 Rd7 34. Qf4 Red8 35. c3 Bb5+ 36. Ke1 Rd1# 0-1

[Event "Fagernes Chess Open 2025"]
[Site "Fagernes"]
[Date "2025.04.16"]
[Round "5.2"]
[White "Arulmaran, Abishan"]
[Black "Ali, Karim"]
[Result "0-1"]
[Annotator "NA RC"]
[ECO "C07"]
[WhiteElo "1858"]
[BlackElo "1876"]
[PlyCount "48"]
[EventDate "2025.04.12"]
[EventCountry "NOR"]
[SourceTitle "playchess.com"]
[Source "ChessBase"]
[SourceQuality "1"]
[TimeControl "40/6000+30:2400+30"]

1. e4 e6 2. d4 d5 3. Nd2 c5 4. Ngf3 cxd4 5. Nxd4 e5 6. N4f3 dxe4 7. Nxe5 Qd5 8. Ng4 f5 9. Bc4 Qd6 10. Ne3 Nf6 11. O-O Nc6 12. Re1 Be7 13. Bb3 Be6 14. Nec4 Qd7 15. f3 b5 16. Ne3 f4 17. Bxe6 Qxe6 18. Nef1 e3 19. Ne4 Nxe4 20. fxe4 O-O 21. c3 Qxe4 22. Nd2 Qd5 23. Qf3 Qxf3 24. Nxf3 g5 0-1

[Event "Fagernes Chess Open 2025"]
[Site "Fagernes"]
[Date "2025.04.16"]
[Round "5.3"]
[White "Andersen, Guttorm"]
[Black "Kopperud, Vidar Aleksander"]
[Result "1/2-1/2"]
[Annotator "NA RC"]
[ECO "E43"]
[WhiteElo "1842"]
[BlackElo "1778"]
[PlyCount "38"]
[EventDate "2025.04.12"]
[EventCountry "NOR"]
[SourceTitle "playchess.com"]
[Source "ChessBase"]
[SourceQuality "1"]
[TimeControl "40/6000+30:2400+30"]

1. d4 Nf6 2. c4 e6 3. e3 b6 4. Nc3 Bb4 5. Bd3 Bb7 6. Nf3 O-O 7. Bd2 d5 8. O-O c5 9. a3 Bxc3 10. bxc3 Nbd7 11. cxd5 exd5 12. c4 Ne4 13. cxd5 Bxd5 14. Bxe4 Bxe4 15. Bc3 Rc8 16. dxc5 Nxc5 17. Qd4 Qxd4 18. Nxd4 Nb3 19. Nxb3 Rxc3 1/2-1/2

[Event "Fagernes Chess Open 2025"]
[Site "Fagernes"]
[Date "2025.04.16"]
[Round "5.4"]
[White "Neukamm, Christian"]
[Black "Brattgjerd, August Minh"]
[Result "1/2-1/2"]
[Annotator "NA RC"]
[ECO "C11"]
[WhiteElo "1776"]
[BlackElo "1845"]
[PlyCount "62"]
[EventDate "2025.04.12"]
[EventCountry "NOR"]
[SourceTitle "playchess.com"]
[Source "ChessBase"]
[SourceQuality "1"]
[TimeControl "40/6000+30:2400+30"]

1. e4 e6 2. d4 d5 3. Nc3 Nf6 4. e5 Nfd7 5. f4 c5 6. Nf3 Nc6 7. Be3 Qb6 8. Na4 Qa5+ 9. c3 b6 10. Bd2 c4 11. b4 Qa6 12. g3 Be7 13. Bg2 Nf8 14. Qc2 Bd7 15. Nb2 h6 16. a4 Qb7 17. Nd1 O-O-O 18. Ne3 f5 19. h4 Be8 20. Bc1 a6 21. Nd2 b5 22. Bb2 Kb8 23. axb5 axb5 24. Kf2 Rc8 25. Ra3 Nd7 26. Rha1 Nb6 27. Bc1 Bd7 28. Nd1 Rhg8 29. Nf1 Kc7 30. Be3 Na4 31. Nb2 Nb6 1/2-1/2

[Event "Fagernes Chess Open 2025"]
[Site "Fagernes"]
[Date "2025.04.16"]
[Round "5.5"]
[White "Vollheim, Daniel O"]
[Black "Aroven, Mikael"]
[Result "1-0"]
[Annotator "RC"]
[ECO "A25"]
[WhiteElo "1764"]
[BlackElo "2145"]
[PlyCount "69"]
[EventDate "2025.04.12"]
[EventCountry "NOR"]
[SourceTitle "playchess.com"]
[Source "ChessBase"]
[SourceQuality "1"]
[TimeControl "40/6000+30:2400+30"]

1. c4 e5 2. Nc3 Nc6 3. g3 Bc5 4. Bg2 a6 5. e3 d6 6. Nge2 Ba7 7. O-O h5 8. d4 h4 9. dxe5 Nxe5 10. b3 hxg3 11. hxg3 Qf6 12. Nf4 Qh6 13. Re1 Bg4 14. f3 Qh2+ 15. Kf1 Qxg3 16. fxg4 Nxg4 17. Ne4 Qh4 18. Ke2 O-O-O 19. Rh1 Nh2 20. Qd5 Qg4+ 21. Ke1 Ne7 22. Qg5 Nf3+ 23. Bxf3 Qxf3 24. Rxh8 Rxh8 25. Qxe7 Rh1+ 26. Kd2 Bxe3+ 27. Kc2 Qd1+ 28. Kc3 Qd4+ 29. Kb4 Qb6+ 30. Kc3 Kb8 31. Nd5 Qd4+ 32. Kb4 Bxc1 33. Qxc7+ Ka7 34. Nxd6 Bd2+ 35. Ka4 1-0

[Event "Fagernes Chess Open 2025"]
[Site "Fagernes"]
[Date "2025.04.16"]
[Round "5.6"]
[White "Sivaparan, Isai"]
[Black "Lysen, Terje Kevin G"]
[Result "1-0"]
[Annotator "RC"]
[ECO "B13"]
[WhiteElo "1944"]
[BlackElo "1667"]
[PlyCount "79"]
[EventDate "2025.04.12"]
[EventCountry "NOR"]
[SourceTitle "playchess.com"]
[Source "ChessBase"]
[SourceQuality "1"]
[TimeControl "40/6000+30:2400+30"]

1. e4 c6 2. d4 d5 3. exd5 cxd5 4. Bd3 Nf6 5. h3 Nc6 6. c3 g6 7. Nf3 Bg7 8. O-O O-O 9. Bf4 Re8 10. Re1 a6 11. Nbd2 Nd7 12. Qb3 e6 13. Rac1 b5 14. Ne5 Ncxe5 15. dxe5 Bb7 16. Nf3 Rc8 17. Bb1 Bf8 18. Nd4 Nc5 19. Qd1 Be7 20. Qg4 Ne4 21. a3 a5 22. Bxe4 dxe4 23. Nxb5 Qb6 24. Qe2 Red8 25. Be3 Bc5 26. Bxc5 Rxc5 27. Nd6 Ba8 28. b4 Rc7 29. b5 Qc5 30. a4 Qxe5 31. Nxe4 Rdc8 32. c4 Bxe4 33. Qxe4 Qb2 34. Rb1 Qa3 35. b6 Re7 36. b7 Rb8 37. Qc6 Ree8 38. Red1 Qc3 39. c5 Qc2 40. Qb6 1-0

[Event "Fagernes Chess Open 2025"]
[Site "Fagernes"]
[Date "2025.04.16"]
[Round "5.7"]
[White "Solbu, August"]
[Black "Abrahamsson, Roaul"]
[Result "1-0"]
[Annotator "RC"]
[ECO "C41"]
[WhiteElo "1887"]
[BlackElo "1920"]
[PlyCount "81"]
[EventDate "2025.04.12"]
[EventCountry "NOR"]
[SourceTitle "playchess.com"]
[Source "ChessBase"]
[SourceQuality "1"]
[TimeControl "40/6000+30:2400+30"]

1. e4 d6 2. Nc3 Nf6 3. d4 Nbd7 4. Nf3 e5 5. Bc4 h6 6. h3 c6 7. Bb3 Qc7 8. Be3 Be7 9. O-O Nf8 10. Qd2 g5 11. Nh2 Ng6 12. Rad1 Nf4 13. a4 Bd7 14. Rfe1 h5 15. Bxf4 gxf4 16. Kh1 O-O-O 17. Bc4 Nh7 18. b4 Ng5 19. Be2 Ne6 20. Nf3 Bf6 21. d5 Nd4 22. Nxd4 exd4 23. Nb1 cxd5 24. exd5 Be5 25. a5 Kb8 26. f3 Rhg8 27. Bf1 Rg3 28. Na3 Rdg8 29. Nc4 Bb5 30. Nxe5 Bxf1 31. Rxf1 dxe5 32. Rf2 Qd7 33. Qe2 Rc8 34. Qxe5+ Ka8 35. Qxf4 Rcg8 36. Rxd4 Qa4 37. Rd1 Qd7 38. d6 f5 39. Qe5 Qd8 40. d7 h4 41. a6 1-0

[Event "Fagernes Chess Open 2025"]
[Site "Fagernes"]
[Date "2025.04.16"]
[Round "5.8"]
[White "Digernes, Mikael"]
[Black "Rynning, Rune Kleiven"]
[Result "1/2-1/2"]
[Annotator "NA RC"]
[ECO "D00"]
[WhiteElo "1781"]
[BlackElo "1776"]
[PlyCount "61"]
[EventDate "2025.04.12"]
[EventCountry "NOR"]
[SourceTitle "playchess.com"]
[Source "ChessBase"]
[SourceQuality "1"]
[TimeControl "40/6000+30:2400+30"]

1. e4 c6 2. d4 d5 3. Nc3 dxe4 4. Bc4 Nf6 5. f3 exf3 6. Nxf3 Nbd7 7. Ng5 e6 8. Bxe6 fxe6 9. Nxe6 Qe7 10. Qe2 Kf7 11. Ng5+ Kg8 12. Nce4 Nb6 13. O-O h6 14. Nxf6+ gxf6 15. Qxe7 Bxe7 16. Ne4 Kg7 17. a4 f5 18. Ng3 Kg6 19. Bf4 Bf6 20. Be5 Bxe5 21. dxe5 Nc4 22. Rad1 Re8 23. b3 Ne3 24. Rd6+ Be6 25. Rf3 Nxc2 26. Rxf5 Kh7 27. Rf6 Bxb3 28. Rd7+ Kg8 29. Rg6+ Kf8 30. Rf6+ Kg8 31. Rg6+ 1/2-1/2

[Event "Fagernes Chess Open 2025"]
[Site "Fagernes"]
[Date "2025.04.16"]
[Round "5.9"]
[White "Odden, Jan Ove"]
[Black "Kuzmenko, Mykhailo"]
[Result "0-1"]
[Annotator "NA RC"]
[ECO "B15"]
[WhiteElo "1720"]
[BlackElo "1747"]
[PlyCount "116"]
[EventDate "2025.04.12"]
[EventCountry "NOR"]
[SourceTitle "playchess.com"]
[Source "ChessBase"]
[SourceQuality "1"]
[TimeControl "40/6000+30:2400+30"]

1. e4 c6 2. d4 d5 3. Nc3 dxe4 4. Nxe4 Nf6 5. Nxf6+ exf6 6. Be3 Bd6 7. Bd3 Na6 8. Nf3 Nb4 9. O-O Nxd3 10. Qxd3 O-O 11. h3 Re8 12. Rad1 g6 13. c4 Bf5 14. Qb3 Qc8 15. Bh6 Bxh3 16. Ng5 fxg5 17. gxh3 Qf5 18. c5 Bc7 19. Qd3 Qf4 20. Qg3 Qxg3+ 21. fxg3 Re3 22. d5 Rxg3+ 23. Kf2 cxd5 24. Rxd5 Rxh3 25. Bxg5 Rh5 26. Rfd1 Kg7 27. Be7 Rh2+ 28. Kf3 Rh3+ 29. Kg4 Rg3+ 30. Kh4 h5 31. Bd6 Rg4+ 32. Kh3 Bd8 33. Be5+ Bf6 34. Bxf6+ Kxf6 35. Rf1+ Ke6 36. Rd6+ Ke7 37. Re1+ Kf8 38. Rd7 Rc8 39. Ree7 Rf4 40. Rc7 Rxc7 41. Rxc7 Rb4 42. b3 Kg7 43. c6 bxc6 44. Rxc6 Rb7 45. Rc4 g5 46. b4 Kg6 47. a4 Rd7 48. b5 g4+ 49. Kg2 Kg5 50. a5 Rd2+ 51. Kg1 Rb2 52. Rc5+ f5 53. a6 h4 54. Rc7 Rxb5 55. Rxa7 Ra5 56. Ra8 Kf4 57. a7 Kg3 58. Kf1 f4 0-1

[Event "Fagernes Chess Open 2025"]
[Site "Fagernes"]
[Date "2025.04.16"]
[Round "5.10"]
[White "Jorgensen, Catherine"]
[Black "Engkvist, Tomas"]
[Result "0-1"]
[Annotator "NA RC"]
[ECO "C50"]
[WhiteElo "1609"]
[BlackElo "1969"]
[PlyCount "86"]
[EventDate "2025.04.12"]
[EventCountry "NOR"]
[SourceTitle "playchess.com"]
[Source "ChessBase"]
[SourceQuality "1"]
[TimeControl "40/6000+30:2400+30"]

1. e4 e5 2. Nf3 Nc6 3. Bc4 Bc5 4. d4 Bxd4 5. Nxd4 Nxd4 6. Be3 Nc6 7. Qg4 Kf8 8. Qe2 g6 9. Nc3 d6 10. O-O Kg7 11. f4 f5 12. Rad1 fxe4 13. Nxe4 Bf5 14. Ng3 Qf6 15. Nxf5+ gxf5 16. fxe5 Nxe5 17. Bd4 Ne7 18. Bxe5 Qxe5 19. Qxe5+ dxe5 20. Rd7 Kf6 21. Bb3 Rac8 22. Rfd1 h5 23. a4 Nc6 24. Rf7+ Kg6 25. Rdd7 e4 26. Rg7+ Kf6 27. Rgf7+ Kg6 28. Rg7+ Kh6 29. Rgf7 Ne5 30. Rxc7 Nxf7 31. Rxf7 Rhe8 32. Rxf5 e3 33. Rf1 Rcd8 34. Re1 Rd2 35. Bc4 Rf8 36. h3 Rff2 37. Rxe3 Rxg2+ 38. Kf1 Rdf2+ 39. Ke1 Rxc2 40. Be2 Rxb2 41. Re7 Rgxe2+ 42. Rxe2 Rxe2+ 43. Kxe2 Kg5 0-1

[Event "Fagernes Chess Open 2025"]
[Site "Fagernes"]
[Date "2025.04.16"]
[Round "5.11"]
[White "Stokhaug, Jon Arne"]
[Black "Andersen, Even Jorstad"]
[Result "0-1"]
[Annotator "NA RC"]
[ECO "E19"]
[WhiteElo "1871"]
[BlackElo "1681"]
[PlyCount "84"]
[EventDate "2025.04.12"]
[EventCountry "NOR"]
[SourceTitle "playchess.com"]
[Source "ChessBase"]
[SourceQuality "1"]
[TimeControl "40/6000+30:2400+30"]

1. d4 Nf6 2. Nf3 e6 3. c4 b6 4. g3 Bb7 5. Bg2 Be7 6. O-O O-O 7. Nc3 Ne4 8. Qc2 Nxc3 9. Qxc3 f5 10. h4 d6 11. Rd1 Bf6 12. Qb3 Qe7 13. Bg5 Nd7 14. Rac1 Rae8 15. Bxf6 Rxf6 16. e3 Kh8 17. Qa3 a5 18. Qc3 Be4 19. a3 e5 20. Ng5 Bxg2 21. Kxg2 Rg6 22. d5 e4 23. Ne6 Rxe6 24. dxe6 Qxe6 25. Qd2 Ne5 26. b4 axb4 27. axb4 Qg6 28. Qe2 Nf3 29. Rh1 Qg4 30. Qd1 h6 31. c5 bxc5 32. bxc5 dxc5 33. Qd7 Ra8 34. Rxc5 Nxh4+ 35. Kh2 Nf3+ 36. Kg2 Nh4+ 37. Kh2 Qf3 38. Rg1 Qxf2+ 39. Kh3 Qxg1 40. gxh4 Qg4+ 41. Kh2 Ra2+ 42. Kh1 Qg2# 0-1

[Event "Fagernes Chess Open 2025"]
[Site "Fagernes"]
[Date "2025.04.16"]
[Round "5.12"]
[White "Vatneodegard, Marie"]
[Black "Yilmaz, Kazim"]
[Result "0-1"]
[Annotator "NA RC"]
[ECO "C65"]
[WhiteElo "1538"]
[BlackElo "1818"]
[PlyCount "112"]
[EventDate "2025.04.12"]
[EventCountry "NOR"]
[SourceTitle "playchess.com"]
[Source "ChessBase"]
[SourceQuality "1"]
[TimeControl "40/6000+30:2400+30"]

1. e4 e5 2. Nf3 Nc6 3. Bb5 Nf6 4. O-O Bc5 5. c3 O-O 6. d4 exd4 7. cxd4 Bb6 8. Nc3 d6 9. h3 h6 10. Re1 Bd7 11. d5 Ne5 12. Bxd7 Qxd7 13. Nxe5 dxe5 14. Qf3 Nh7 15. Qg3 Qd6 16. Be3 f5 17. Bxb6 axb6 18. Red1 f4 19. Qg4 Nf6 20. Qe6+ Qxe6 21. dxe6 c6 22. f3 b5 23. e7 Rfe8 24. Rd8 Raxd8 25. exd8=Q Rxd8 26. Rd1 Rxd1+ 27. Nxd1 Nd7 28. Kf2 Kf7 29. Ke2 Ke6 30. Nf2 Kd6 31. Kd2 Nc5 32. b4 Nd7 33. Nd3 b6 34. a3 c5 35. Kc3 Nf8 36. bxc5+ bxc5 37. Nb2 Ng6 38. a4 bxa4 39. Nxa4 Nh4 40. Kd2 Nxg2 41. Nc3 Ne3 42. Ke2 g5 43. Kd2 h5 44. Ne2 g4 45. hxg4 hxg4 46. fxg4 Nxg4 47. Ng1 Nf2 48. Nf3 Nxe4+ 49. Kd3 Kd5 50. Ne1 c4+ 51. Kc2 Ng5 52. Kc3 f3 53. Nc2 Ne4+ 54. Kb2 f2 55. Ne3+ Kd4 56. Nf1 Kd3 0-1

[Event "Fagernes Chess Open 2025"]
[Site "Fagernes"]
[Date "2025.04.16"]
[Round "5.13"]
[White "Ruud, Mikael"]
[Black "Bollestad, Leiv Ove"]
[Result "1-0"]
[Annotator "NA RC"]
[ECO "B32"]
[WhiteElo "1588"]
[BlackElo "1585"]
[PlyCount "105"]
[EventDate "2025.04.12"]
[EventCountry "NOR"]
[SourceTitle "playchess.com"]
[Source "ChessBase"]
[SourceQuality "1"]
[TimeControl "40/6000+30:2400+30"]

1. e4 c5 2. Nf3 Nc6 3. d4 cxd4 4. Nxd4 e5 5. Nf3 Nf6 6. Bg5 Qa5+ 7. Bd2 Qb6 8. Nc3 Ng4 9. Qe2 Bc5 10. Na4 Bxf2+ 11. Kd1 Qa6 12. Qxa6 bxa6 13. Bd3 Bb6 14. Ke2 Nd4+ 15. Nxd4 Bxd4 16. c3 Bb6 17. Nxb6 axb6 18. Bc4 Bb7 19. Rhf1 O-O 20. Be3 Bxe4 21. Bxb6 Rab8 22. Bc5 Rxb2+ 23. Kd1 Bxg2 24. Rg1 Rfb8 25. Kc1 a5 26. Bb3 Re2 27. Bd1 Bf3 28. Bxe2 Bxe2 29. h3 Nf6 30. Bd6 e4 31. Bxb8 d5 32. Kd2 Bc4 33. Be5 Nh5 34. Rab1 f6 35. Bd4 Bxa2 36. Ra1 Bc4 37. Rxa5 Kf7 38. Ra7+ Ke6 39. Raxg7 Nxg7 40. Rxg7 f5 41. Rxh7 f4 42. Rh6+ Kf5 43. Rf6+ Kg5 44. Be5 f3 45. Ke3 Kh4 46. Rh6+ Kg5 47. Rh8 Kf5 48. Bd4 Bb5 49. h4 Bd7 50. h5 Be6 51. h6 Kg6 52. h7 Kh6 53. Re8 1-0

[Event "Fagernes Chess Open 2025"]
[Site "Fagernes"]
[Date "2025.04.16"]
[Round "5.14"]
[White "Gilsdottir, Sara"]
[Black "Lang, Gusztav Jr"]
[Result "0-1"]
[Annotator "NA RC"]
[ECO "A51"]
[WhiteElo "1738"]
[BlackElo "1729"]
[PlyCount "110"]
[EventDate "2025.04.12"]
[EventCountry "NOR"]
[SourceTitle "playchess.com"]
[Source "ChessBase"]
[SourceQuality "1"]
[TimeControl "40/6000+30:2400+30"]

1. d4 Nf6 2. c4 e5 3. d5 Bb4+ 4. Bd2 Bxd2+ 5. Nxd2 e4 6. e3 Qe7 7. g3 a5 8. Bg2 Na6 9. Ne2 Nc5 10. O-O d6 11. Qc2 Bf5 12. Nc3 O-O 13. Nb3 Nd3 14. Nc1 Nb4 15. Qd2 Rfe8 16. a3 Na6 17. Nb3 Qd7 18. Nb5 a4 19. N3d4 Bh3 20. Ne2 Bxg2 21. Kxg2 Nc5 22. Nbd4 Nd3 23. Nc3 Ne5 24. Qe2 c5 25. Ndb5 Nf3 26. Rad1 Ng5 27. f3 exf3+ 28. Rxf3 Qh3+ 29. Kg1 Nxf3+ 30. Qxf3 Ng4 31. Re1 Qxh2+ 32. Kf1 Qh3+ 33. Kg1 Qh2+ 34. Kf1 Qh3+ 35. Kg1 Ne5 36. Qg2 Qg4 37. Rf1 Rad8 38. Ne4 Nxc4 39. Rf4 Qd1+ 40. Rf1 Qb3 41. Qf3 Qxe3+ 42. Qxe3 Nxe3 43. Rf4 Nxd5 44. Rh4 f5 45. Nexd6 Re1+ 46. Kf2 Rc1 47. Nxb7 Rc2+ 48. Ke1 Re8+ 49. Kd1 Rxb2 50. N7d6 Ree2 51. Nc4 Ne3+ 52. Nxe3 Rxe3 53. Nc7 Rxg3 54. Kc1 Ra2 55. Kb1 Rf2 0-1

[Event "Fagernes Chess Open 2025"]
[Site "Fagernes"]
[Date "2025.04.16"]
[Round "5.15"]
[White "Dybvik, Bjorn Noralf"]
[Black "Smedsrud, Morten S"]
[Result "1/2-1/2"]
[Annotator "NA RC"]
[ECO "C43"]
[WhiteElo "1686"]
[BlackElo "1699"]
[PlyCount "80"]
[EventDate "2025.04.12"]
[EventCountry "NOR"]
[SourceTitle "playchess.com"]
[Source "ChessBase"]
[SourceQuality "1"]
[TimeControl "40/6000+30:2400+30"]

1. e4 e5 2. Nf3 Nf6 3. Nxe5 Nxe4 4. d4 d5 5. Bd3 Nd7 6. Nxd7 Bxd7 7. O-O Be6 8. Re1 Nd6 9. Qf3 Be7 10. Nc3 c6 11. Be3 Qd7 12. Qg3 Bf6 13. Ne2 O-O-O 14. a4 g5 15. f3 h5 16. b4 h4 17. Qf2 Rh5 18. Rab1 Bf5 19. b5 Bxd3 20. bxc6 Qf5 21. cxb7+ Kb8 22. cxd3 Qxd3 23. Red1 Qa6 24. Qe1 Rd7 25. Qd2 Nc4 26. Qd3 Rh6 27. Nc3 Bd8 28. Qf5 Qe6 29. Qxe6 Rxe6 30. Bf2 Rb6 31. Rxb6 Nxb6 32. Re1 Kxb7 33. Rb1 Kc6 34. g3 Nc4 35. Kg2 f5 36. Re1 a6 37. Re6+ Rd6 38. Re8 Kd7 39. Rf8 Ke6 40. Re8+ Kd7 1/2-1/2

[Event "Fagernes Chess Open 2025"]
[Site "Fagernes"]
[Date "2025.04.16"]
[Round "5.16"]
[White "Jullum, Hege Ibsen"]
[Black "Lien, Benjamin"]
[Result "0-1"]
[Annotator "NA RC"]
[ECO "D05"]
[WhiteElo "1484"]
[BlackElo "1733"]
[PlyCount "136"]
[EventDate "2025.04.12"]
[EventCountry "NOR"]
[SourceTitle "playchess.com"]
[Source "ChessBase"]
[SourceQuality "1"]
[TimeControl "40/6000+30:2400+30"]

1. d4 Nf6 2. Nf3 d5 3. e3 c5 4. b3 Nc6 5. Bd3 e6 6. O-O Be7 7. Bb2 O-O 8. Nbd2 Re8 9. Ne5 Nxe5 10. dxe5 Nd7 11. f4 Nf8 12. Qe2 Bd7 13. Rad1 Rc8 14. c4 Bc6 15. Nf3 Qc7 16. Rf2 Red8 17. Rdf1 d4 18. e4 Nd7 19. Ng5 Bxg5 20. fxg5 Nxe5 21. Rf4 Rd7 22. Rh4 Ng6 23. Rg4 a5 24. a4 Rcd8 25. Bc1 Qb6 26. e5 Qxb3 27. Bxg6 hxg6 28. Qf2 Qxc4 29. Rf4 Rf8 30. Rh4 Qd5 31. Rg4 c4 32. Ba3 Rfd8 33. Bd6 d3 34. Rd4 Qxg2+ 35. Qxg2 Bxg2 36. Kxg2 Rc8 37. Kf2 b5 38. axb5 Rb7 39. Rc1 Rxb5 40. Rcxc4 Rb2+ 41. Ke3 Rxc4 42. Rxc4 d2 43. Ke2 d1=Q+ 44. Kxd1 Rxh2 45. Kc1 Rf2 46. Be7 Rf5 47. Rc5 f6 48. gxf6 g5 49. fxg7 Kxg7 50. Rxa5 g4 51. Kd2 g3 52. Bd6 Kg6 53. Ra8 Kg5 54. Ke3 Kg4 55. Ra4+ Kh3 56. Rf4 g2 57. Rxf5 exf5 58. Kf2 Kh2 59. e6+ Kh1 60. e7 g1=Q+ 61. Kf3 Qg4+ 62. Kf2 Qe4 63. Kg3 Kg1 64. Bc5+ Kf1 65. Bd6 Ke2 66. Bb4 Qg4+ 67. Kh2 Kf1 68. e8=Q Qg2# 0-1

[Event "Fagernes Chess Open 2025"]
[Site "Fagernes"]
[Date "2025.04.16"]
[Round "5.17"]
[White "Sigvaldsen, Sebastian"]
[Black "Holten, Terje"]
[Result "1-0"]
[Annotator "NA RC"]
[ECO "E21"]
[WhiteElo "1613"]
[BlackElo "1566"]
[PlyCount "65"]
[EventDate "2025.04.12"]
[EventCountry "NOR"]
[SourceTitle "playchess.com"]
[Source "ChessBase"]
[SourceQuality "1"]
[TimeControl "40/6000+30:2400+30"]

1. d4 Nf6 2. c4 e6 3. Nc3 Bb4 4. Nf3 O-O 5. Bg5 h6 6. Bh4 b6 7. e4 Be7 8. Bd3 Bb7 9. O-O d5 10. cxd5 exd5 11. e5 Ne4 12. Bxe7 Qxe7 13. Re1 Nxc3 14. bxc3 Nd7 15. Re3 c5 16. Nd2 cxd4 17. cxd4 Rac8 18. Rg3 f6 19. Qh5 fxe5 20. Qxh6 Qf6 21. Qh7+ Kf7 22. Rf3 Rh8 23. Rxf6+ Nxf6 24. Qg6+ Kf8 25. dxe5 Ne8 26. Bb5 Rh6 27. Qf5+ Ke7 28. Bxe8 Rxe8 29. Nf3 Rf8 30. Qg5+ Kf7 31. Rc1 Kg8 32. Rc7 Rf7 33. Qd8+ 1-0

[Event "Fagernes Chess Open 2025"]
[Site "Fagernes"]
[Date "2025.04.16"]
[Round "5.18"]
[White "Wen, Liana"]
[Black "Skotheim, Havard"]
[Result "1-0"]
[Annotator "NA RC"]
[ECO "B34"]
[WhiteElo "1404"]
[BlackElo "1548"]
[PlyCount "91"]
[EventDate "2025.04.12"]
[EventCountry "NOR"]
[SourceTitle "playchess.com"]
[Source "ChessBase"]
[SourceQuality "1"]
[TimeControl "40/6000+30:2400+30"]

1. e4 c5 2. Nf3 Nc6 3. d4 cxd4 4. Nxd4 g6 5. Nc3 Bg7 6. Be3 Nf6 7. Qd2 O-O 8. O-O-O Ng4 9. h3 Nxe3 10. fxe3 d6 11. Be2 a6 12. g4 Qc7 13. h4 h6 14. h5 g5 15. Nf5 Bxf5 16. exf5 Bxc3 17. Qxc3 f6 18. Bf3 Rac8 19. Qb3+ Kg7 20. Bd5 a5 21. Be6 Rb8 22. Rd3 Ne5 23. Rc3 Qd8 24. Rg1 b5 25. e4 b4 26. Rcg3 Qb6 27. Rd1 Nc6 28. Rgd3 Ra8 29. Qa4 Ne5 30. Rg3 Qf2 31. Rgg1 Qf4+ 32. Kb1 Nxg4 33. Bd5 Ra7 34. Rdf1 Qh2 35. Rxg4 Qxh5 36. Rfg1 Rc8 37. R4g2 Rc5 38. Qb3 Rac7 39. Bg8 Re5 40. Rh2 Qe8 41. Rxh6 Kxh6 42. Rh1+ Kg7 43. Rh7+ Kf8 44. Bd5 Rxd5 45. exd5 Qb5 46. Rh8+ 1-0